 Dungeon Crawl Stone Soup version 0.20.1-1-g8b1a95d (webtiles) character file.

28 Inarius the Chiller (level 2, 0/22 HPs)
             Began as a Demigod Ice Elementalist on Dec 27, 2017.
             Slain by a gnoll
             ... wielding a +0 halberd
              (12 damage)
             ... on level 2 of the Dungeon.
             The game lasted 00:03:21 (1060 turns).

Inarius the Chiller (Demigod Ice Elementalist)      Turns: 1060, Time: 00:03:22

Health: 0/22       AC:  3    Str: 11    XL:     2   Next: 78%
Magic:  5/7        EV: 12    Int: 19    God:
Gold:   76         SH:  0    Dex: 16    Spells: 4/5 levels left

rFire    . . .     SeeInvis .   g - +0 short sword
rCold    . . .     Gourm    .   (no shield)
rNeg     . . .     Faith    .   h - +0 leather armour
rPois    .         Spirit   .   (no helmet)
rElec    .         Reflect  .   (no cloak)
rCorr    .         Harm     .   (no gloves)
MR       .....                  (no boots)
Stlth    ++........             (no amulet)
Regen    0.1/turn               (no ring)
MPRegen  0.1/turn               (no ring)

@: no status effects
A: high mp 1
a: no special abilities


You were on level 2 of the Dungeon.
You were not hungry.

You visited 1 branch of the dungeon, and saw 2 of its levels.

You collected 76 gold pieces.

Inventory:

Hand Weapons
 g - a +0 short sword (weapon)
Armour
 h - a +0 leather armour (worn)
Scrolls
 a - a scroll of remove curse {unknown}
 e - a scroll of teleportation {unknown}
 i - a scroll of amnesia {unknown}
Potions
 d - a potion of flight {unknown}
Books
 b - a book of Frost

   Spells                             Type                      Level
   a - Freeze                         Ice                          1
   b - Throw Frost                    Conjuration/Ice              2
   c - Ozocubu's Armour               Charms/Ice                   3
   d - Throw Icicle                   Conjuration/Ice              4
   e - Summon Ice Beast               Ice/Summoning                4
Comestibles
 c - 2 bread rations
 f - 2 chunks of flesh


   Skills:
 + Level 0.3 Fighting
 - Level 0.1 Short Blades
 + Level 0.3 Armour
 + Level 2.0 Dodging
 - Level 1.7 Stealth
 + Level 2.0 Spellcasting
   Level 0.8 Conjurations
 + Level 3.2 Ice Magic


You had 4 spell levels left.
You knew the following spells:

 Your Spells              Type           Power        Failure   Level  Hunger
a - Freeze                Ice            ##..         6%          1    #......


Dungeon Overview and Level Annotations

Branches:
Dungeon (2/15)

Annotations:
D:2 Robin, Sigmund


Innate Abilities, Weirdness & Mutations

You have an increased reservoir of magic. (+10% MP)


Message History

You see here a club.
You barely miss the gnoll. The gnoll hits you with a halberd!
Casting: Freeze
Confirm with . or Enter, or press ? or * to list all spells.
Aiming: Freeze
Press: ? - help, Shift-Dir - straight line, f - gnoll
Aim: a gnoll, wielding a halberd You freeze the gnoll.
The gnoll is moderately wounded.
The gnoll hits you with a halberd.
Casting: Freeze
Confirm with . or Enter, or press ? or * to list all spells.
Aiming: Freeze
Press: ? - help, Shift-Dir - straight line, f/p - gnoll
Aim: a gnoll, wielding a halberd (moderately wounded)
You freeze the gnoll.
The gnoll is heavily wounded.
The gnoll hits you with a halberd!
Ouch! That really hurt!
You die...

.....###. .>..... ......#
.....# .....+ #....# ########
#....# #....... ##########....#
#.###### #######........@.####
#.#....# ...........#..##g#
###.......
######.##.#..##.####+#...#.####
#......<#.#..##........#...#
#.####..#.#..##....g...#...# .
#.....รท...#..##........#...#
..
#######...#..##........#.g.#..g
........#.#..##........#.#.#..g
#######.#.# .............#.#..g


You could see a gnoll.

Vanquished Creatures
  3 giant cockroaches
  2 goblins (D:1)
  3 hobgoblins
  4 jackals (D:1)
  A kobold (D:1)
  6 bats
  2 frilled lizards (D:1)
  4 rats
25 creatures vanquished.

Notes
Turn   | Place    | Note
-------+----------+-------------------------------------------
     0 | D:1      | Inarius the Demigod Ice Elementalist began the quest for the Orb.
     0 | D:1      | Reached XP level 1. HP: 14/14 MP: 5/5
   120 | D:1      | Reached skill level 3 in Ice Magic
   400 | D:1      | Reached XP level 2. HP: 14/20 MP: 5/7
  1028 | D:2      | Noticed Sigmund
  1028 | D:2      | Noticed Robin
  1060 | D:2      | Slain by a gnoll

Skill      XL: |  1  2 |
---------------+-------+-----
Ice Magic      | 3 |  3.2
Dodging        | 2 |  2.0
Spellcasting   | 2 |  2.0
Fighting       | |  0.3
Short Blades   | |  0.1
Armour         | |  0.3
Stealth        | |  1.7
Conjurations   | |  0.8

Action                   || total
-------------------------++-------
Melee: Short sword       ||    37
       Unarmed           ||     3
 Cast: Freeze            ||    25
 Stab: Sleeping          ||     3
  Eat: Chunk             ||     1
Armor: Robe              ||     3
       Leather armour    ||    13
Dodge: Dodged            ||    53
